 Dungeon Crawl Stone Soup version 0.31-a0-845-g9abc20d24f (webtiles) character file.

Game seed: 10987694246574502076

4130 Nattfarinn the Summoner (level 10, 0/64 HPs)
             Began as a Gargoyle Venom Mage on Oct 2, 2023.
             Was a Believer of Ashenzari.
             Slain by a two-headed ogre
             ... wielding a +0 giant spiked club
              (13 damage)
             ... on level 8 of the Dungeon.
             The game lasted 00:17:54 (9573 turns).

Nattfarinn the Summoner (Gargoyle Venom Mage)       Turns: 9573, Time: 00:17:56

Health: 0/64       AC: 14    Str: 11    XL:     10   Next: 27%
Magic:  14/21      EV: 11    Int: 21    God:    Ashenzari [**....]
Gold:   937        SH:  5    Dex: 10    Spells: 12/23 levels left

rFire   . . .        x - +3 dagger (venom)
rCold   . . .        (no shield)
rNeg    + . .        a - +0 robe of Ashenzari's Oracle {Comp, Alch} (curse)
rPois   ∞            m - +2 helmet of the Pangnostic God {Elem, Self} (curse)
rElec   +            s - +0 cloak
rCorr   .            (no gloves)
SInv    +            g - +0 pair of boots
Will    .....        i - amulet "Eternal Together" {Reflect SH+5, Alch, Dev} (curse)
Stlth   ++           (no ring)
HPRegen 0.30/turn    (no ring)
MPRegen 0.17/turn

%: reflection
@: no status effects
A: sickness immunity, AC +7, negative energy resistance 1, electricity
resistance, torment resistance 1, petrification resistance
a: Renounce Religion, Curse Item, Shatter the Chains


You were on level 8 of the Dungeon.
You worshipped Ashenzari.
Ashenzari was pleased with you.
You visited 1 branch of the dungeon, and saw 8 of its levels.

You collected 937 gold pieces.

Inventory:

Hand Weapons
 t - the +6 whip "Jyalalam" {freeze, *Corrode rN+ Str+6}
   (You found it on level 6 of the Dungeon)

   Str+6:     It affects your strength (+6).
   rN+:       It protects you from negative energy.
   *Corrode:  It may corrode you when you take damage.
 x - a +3 dagger of venom (weapon)
Armour
 a - the cursed +0 robe of Ashenzari's Oracle (worn) {Comp, Alch}

   It has a curse which improves the following skills: Companions: Summonings
   and Necromancy.
   Alchemy:   Poison Magic and Transmutations.
 g - a +0 pair of boots (worn)
 m - the cursed +2 helmet of the Pangnostic God (worn) {Elem, Self}
   (You found it on level 2 of the Dungeon)

   It has a curse which improves the following skills: Elements: Fire Magic, Ice
   Magic, Air Magic and Earth Magic.
   Introspection: Fighting and Spellcasting.
 s - a +0 cloak (worn)
Jewellery
 i - the cursed amulet "Eternal Together" (around neck) {Reflect SH+5, Alch, Dev}
   (You found it on level 4 of the Dungeon)

   [amulet of reflection]

   Reflect:   It reflects blocked missile attacks.
   SH+5:      It affects your SH (+5).
   It has a curse which improves the following skills: Alchemy: Poison Magic and
   Transmutations.
   Devices:   Evocations and Shapeshifting.
Wands
 v - a wand of flame (5)
 y - a wand of polymorph (11)
Scrolls
 e - a scroll of blinking
 f - 2 scrolls of poison
 j - 2 scrolls of noise
 n - 2 scrolls of immolation
 p - a scroll of vulnerability
 q - a scroll of amnesia
 u - a scroll of fog
 w - a scroll of torment
 B - 4 scrolls of teleportation
Potions
 b - a potion of magic
 c - 4 potions of haste
 d - 2 potions of cancellation
 h - 3 potions of attraction
 k - 3 potions of curing
 l - 3 potions of berserk rage
 o - a potion of might
 r - 2 potions of mutation
 z - 3 potions of heal wounds
 A - a potion of brilliance


   Skills:
 - Level 7.0(8.2) Fighting
 - Level 1.5 Dodging
 - Level 2.1 Stealth
 - Level 6.3(7.4) Spellcasting
 + Level 9.4(10.6) Summonings
 - Level 0.7(1.6) Transmutations
 - Level 5.5(7.2) Poison Magic


You had 12 spell levels left.
You knew the following spells:

 Your Spells              Type           Power      Damage    Failure   Level
a - Sting                 Tmut/Pois      100%       1d8       1%          1
b - Olgreb's Toxic Radia  Pois           38%        N/A       4%          4
c - Poisonous Vapours     Pois/Air       46%        N/A       2%          2
d - Summon Lightning Spi  Summ/Air       30%        N/A       10%         4

Your spell library contained the following spells:

 Spells                   Type           Power      Damage    Failure   Level
 Summon Small Mammal      Summ           100%       N/A       1%          1
 Freeze                   Ice            32%        1d5       9%          1
 Mephitic Cloud           Conj/Pois/Air  18%        N/A       10%         3
 Summon Ice Beast         Ice/Summ       30%        N/A       10%         4
 Static Discharge         Conj/Air       16%        2-3/arc   12%         2
 Frozen Ramparts          Ice            16%        1d3       24%         3
 Hailstorm                Conj/Ice       8%         3d4       24%         3
 Gell's Gravitas          Tloc           7%         N/A       26%         3
 Teleport Other           Tloc           7%         N/A       26%         3
 Airstrike                Air            4%         2d(1-17)  63%         4
 Agony                    Necr           8%         N/A       92%         5
 Dispersal                Tloc           3%         N/A       100%        6
 Dragon's Call            Summ           25%        N/A       100%        9


Dungeon Overview and Level Annotations

Branches:
Dungeon (8/15)             Temple (0/1) D:4
   Lair: D:8-11

Altars:
Ashenzari
Cheibriados
Kikubaaqudgha
Nemelex Xobeh
Ru
Sif Muna
Uskayaw
Vehumet
Wu Jian
The Shining One

Annotations:
D:5 1 runed translucent door, Crazy Yiuf
D:8 3 runed translucent doors, voshxx's ghost, novice DsFE


Innate Abilities, Weirdness & Mutations

You are immune to sickness and miasma.
Your stone body is resilient. (AC +7)
You are immune to poison.
You resist negative energy. (rN+)
You are resistant to electric shocks. (rElec)
You are resistant to unholy torment.
You are immune to petrification.


Message History

No target in view!
Things that are here:
a +0 club; 5 stones; a kobold corpse Voshxx's ghost turns its malevolent gaze towards you.
The kobold brigand shouts!
You hear a shout! x2; The kobold brigand shouts!
A two-headed ogre comes into view.
It is wielding two +0 giant spiked clubs.
The kobold brigand shouts!
A two-headed ogre is nearby!
A two-headed ogre is nearby!
A two-headed ogre is nearby!
Poisonous vapours surround the two-headed ogre!
The two-headed ogre is poisoned.
The two-headed ogre shouts in stereo!
The kobold brigand shouts! x3
You hear a shout!
Poisonous vapours surround the two-headed ogre!
The two-headed ogre looks even sicker.
Casting: Poisonous Vapours (safe; 2% risk of failure)
Confirm with . or Enter, or press ? or * to list all spells.
An electric hum fills the air.
The two-headed ogre misses you.
The two-headed ogre hits you with a +0 giant spiked club!
There is a stone staircase leading down here.
Your lightning spire shoots out a bolt of lightning at the two-headed ogre!
The bolt of electricity hits the two-headed ogre!
You see here a +0 dagger.
You hit the two-headed ogre but do no damage.
You punch the two-headed ogre.
The two-headed ogre is moderately wounded.
The two-headed ogre hits you with a +0 giant spiked club! x2
Your lightning spire shoots out a bolt of lightning at the two-headed ogre!
The bolt of electricity hits the two-headed ogre.
The bolt of electricity hits the two-headed ogre!
The bolt of electricity hits your lightning spire.
Your lightning spire completely resists.
You hit the two-headed ogre.
The two-headed ogre looks as sick as possible!
The two-headed ogre is almost dead.
The two-headed ogre hits you with a +0 giant spiked club!
* * * LOW HITPOINT WARNING * * *
The two-headed ogre hits you with a +0 giant spiked club!
You die...

#.###
#.#.#.....####)....
#...# #.....#####
#.#### ###.# #..#.##
#.# # #.# ##.#.# #.#
# #.# #.#.# ### ..#
# #.# #...#... .##
#.# #.8##.## #.
#.####..#...#
#.##..@O..#####
#.##.#.#.##KKK#
#†##.#.#.#KKKK:#
#.##.#.#.+W###.)
####.##.#...+KK....#
#.........#.+K###..#
#.##.##.###.#..K..#
#.##.##.# #.##~⌠P##
### #.##.##.#
#..##### ..#


You could see a two-headed ogre (extremely poisoned, ally target), 8 kobold
brigands, voshxx's ghost and a friendly lightning spire (summoned).

Vanquished Creatures
  4 yaks (D:8)
  Menkaure (D:4)
  2 water moccasins
  A sky beast (D:7)
  2 orc warriors
  2 black bears
  2 ice beasts
  An ogre (D:4)
  A centaur (D:7)
  A phantom (D:7)
  A kobold brigand (D:8)
  2 bullfrogs (D:7)
  A gnoll sergeant (D:8)
  6 scorpions
  5 wights (D:6)
  3 electric eels (D:6)
  A howler monkey (D:7)
  2 jellies (D:4)
  9 orc priests
  6 hounds
  A sleepcap (D:4)
  4 iguanas
  6 orc wizards
  7 gnolls
  5 adders
  3 shadow imps
  2 white imps
  An ufetubus (D:5)
  2 worms
  3 dart slugs (D:2)
  27 orcs
  5 endoplasms
  4 giant cockroaches
  4 goblins
  6 hobgoblins
  17 kobolds
  A quokka (D:4)
  8 ball pythons
  5 bats
  2 frilled lizards
  7 rats
173 creatures vanquished.

Vanquished Creatures (collateral kills)
  An ice beast (D:6)
  3 wights (D:6)
  A jelly (D:7)
  An orc (D:6)
6 creatures vanquished.

Vanquished Creatures (others)
  An orc wizard (D:5)
  A gnoll (D:6)
2 creatures vanquished.

Grand Total: 181 creatures vanquished

Notes
Turn   | Place    | Note
-------+----------+-------------------------------------------
     0 | D:1      | Nattfarinn the Gargoyle Venom Mage began the quest for the
                  | Orb.
     0 | D:1      | Reached XP level 1. HP: 10/10 MP: 3/3
   298 | D:1      | Reached XP level 2. HP: 15/15 MP: 0/5
  1450 | D:2      | Reached XP level 3. HP: 19/19 MP: 1/7
  2027 | D:2      | Found an ornate altar of the Wu Jian Council.
  2126 | D:2      | Reached XP level 4. HP: 22/24 MP: 5/9
  2440 | D:3      | Learned a level 4 spell: Olgreb's Toxic Radiance
  3055 | D:3      | Reached XP level 5. HP: 19/28 MP: 2/11
  3211 | D:3      | Found a radiant altar of Vehumet.
  3214 | D:3      | Found a hide-covered altar of Uskayaw.
  3217 | D:3      | Found a broken altar of Ashenzari.
  3218 | D:3      | Found a sparkling altar of Nemelex Xobeh.
  3226 | D:3      | Became a worshipper of Ashenzari the Shackled
  3710 | D:4      | Found a staircase to the Ecumenical Temple.
  3987 | D:4      | Reached XP level 6. HP: 31/32 MP: 6/13
  4055 | D:4      | Noticed Menkaure
  4082 | D:4      | Killed Menkaure
  4083 | D:4      | Reached skill level 5 in Spellcasting
  4112 | D:4      | Reached skill level 5 in Poison Magic
  4112 | D:4      | Reached XP level 7. HP: 32/36 MP: 4/15
  4372 | D:4      | Got a dusty book
  4732 | D:5      | Entered Level 5 of the Dungeon
  5139 | D:5      | Reached XP level 8. HP: 47/47 MP: 12/17
  5266 | D:5      | Reached skill level 5 in Fighting
  5377 | D:5      | Reached * piety under Ashenzari
  5377 | D:5      | Identified a scroll of acquirement
  5378 | D:5      | Acquired 565 gold pieces
  5549 | D:5      | Found a glowing golden altar of the Shining One.
  5594 | D:5      | Found a runed translucent door.
  5595 | D:5      | Noticed Crazy Yiuf
  6126 | D:6      | Learned a level 2 spell: Poisonous Vapours
  6148 | D:6      | Learned a level 4 spell: Summon Lightning Spire
  6163 | D:6      | Reached skill level 1 in Summonings
  6351 | D:6      | Identified the +6 whip "Jyalalam" {freeze, *Corrode rN+
                  | Str+6}
  6411 | D:6      | Reached skill level 2 in Summonings
  6438 | D:6      | Reached ** piety under Ashenzari
  6599 | D:6      | Reached skill level 3 in Summonings
  6599 | D:6      | Reached XP level 9. HP: 59/59 MP: 20/20
  6634 | D:6      | Reached skill level 4 in Summonings
  6936 | D:6      | Reached skill level 5 in Summonings
  7167 | D:6      | Found an ancient bone altar of Kikubaaqudgha.
  7168 | D:6      | Found a snail-covered altar of Cheibriados.
  7170 | D:6      | Found a sacrificial altar of Ru.
  7170 | D:6      | Found a shimmering blue altar of Sif Muna.
  7410 | D:7      | Reached skill level 6 in Summonings
  8016 | D:7      | Reached skill level 7 in Summonings
  8723 | D:8      | Found a runed translucent gate.
  8725 | D:8      | Found a runed translucent gate.
  8726 | D:8      | Found a runed translucent gate.
  8732 | D:8      | Noticed voshxx's ghost (novice DsFE)
  8757 | D:8      | Reached skill level 8 in Summonings
  8757 | D:8      | Reached XP level 10. HP: 64/64 MP: 18/21
  8769 | D:8      | Reached skill level 9 in Summonings
  9565 | D:8      | Noticed a two-headed ogre
  9573 | D:8      | Slain by a two-headed ogre

Illustrated notes

Levels and vault maps discovered:
D:1:      heliophobic_arrival_battle_scene, layout_basic
D:2:      layout_loops_ring, basic_altar, kennysheep_generic_room_11
D:3:      layout_loops_cross, minitemple, cheibrodos_gnoll_hut
D:4:      minmay_opposing_rooms, layout_basic, minmay_temple_entry_butterflies,
          uniq_menkaure
D:5:      layout_cave_pools, tso_oasis_becter, nrook_pool_corridor,
          nicolae_elevator_lobby_plus, uniq_crazy_yiuf_cottage
D:6:      layout_loops_ring, mainiacjoe_overflow_alcove_3,
          kennysheep_another_room, minmay_liquid_box, serial_bayou_lake_a
D:7:      layout_loops_ring, dreamdust_princess_bridge
D:8:      layout_loops_ring, gammafunk_ghost_nasty_kobolds

Skill      XL: |  1  2  3  4  5  6  7  8  9 10 |
---------------+-------------------------------+-----
Spellcasting   | 3 4 5 6 |  6.3
Poison Magic   | 4 5 |  5.5
Fighting       | 3 7 |  7.0
Summonings     | 3 8 9 |  9.4
Dodging        | |  1.5
Stealth        | |  2.1
Transmutations | |  0.7

Action                     |  1- 3 |  4- 6 |  7- 9 | 10-12 || total
---------------------------+-------+-------+-------+-------++-------
  Melee: Unarmed           |    25 |    27 |    13 |       ||    65
         Punch             |     1 |       |     2 |     1 ||     4
         Dagger            |       |       |   233 |    67 ||   300
   Cast: Sting             |    63 |    63 |    65 |       ||   191
         Olgreb's Toxic Ra |       |     3 |    14 |     4 ||    21
         Poisonous Vapours |       |       |    19 |     6 ||    25
         Summon Lightning  |       |       |     7 |     2 ||     9
 Invoke: Curse Item        |       |       |     3 |       ||     3
  Evoke: Wand              |       |    12 |    14 |       ||    26
    Use: Scroll            |       |     6 |     1 |       ||     7
   Stab: Paralysed         |       |     5 |     5 |       ||    10
         Sleeping          |       |       |     1 |       ||     1
 Armour: Robe              |    29 |    38 |   164 |    44 ||   275
  Dodge: Dodged            |    30 |    30 |   132 |    19 ||   211
  Block: Other             |       |     7 |    45 |    10 ||    62
         Reflection        |       |       |     2 |       ||     2

Table legend: (Time is in decaauts)
 A = Elapsed time spent in this place.
 B = Non-inter-level travel time spent in this place.
 C = Inter-level travel time spent in this place.
 D = Time resting spent in this place.
 E = Time spent auto-exploring this place.
 F = Levels seen in this place.
 G = Mean time per level.
                   A        B        C        D        E       F      G
               +--------+--------+--------+--------+--------+-----+--------+
         Total |   9629 |   9154 |    475 |    136 |   7744 |   8 | 1203.6 |
       Dungeon |   9629 |   9154 |    475 |    136 |   7744 |   8 | 1203.6 |
               +--------+--------+--------+--------+--------+-----+--------+

Top non-repeatable levels by time:
     D:4: 1655 daAuts
     D:1: 1306 daAuts
     D:6: 1232 daAuts
     D:5: 1216 daAuts
     D:8: 1208 daAuts
     D:2: 1048 daAuts
     D:7: 1020 daAuts
     D:3: 940 daAuts
